AoeStats
← PK_-_93

MegaRandom

508391406Analyzed
3v3 RM · 10d ago on Sep 22, 2026· 44m 36s· 6 players
Game mode
Random Map
Map size
Normal (6 player)
Population
200
Speed
Normal
Resources
Standard
Victory
Conquest
Starting age
Dark Age
Ending age
Imperial Age
RankedLock teamsTeams togetherTeam positionsShared explorationLock speedFull tech treeHidden civsTurbo modeCheats
Victory
Defeat
🇨🇳 Koreans · China
960
+14
🇦🇺 Italians · Australia
921
+16
🇹🇷 Britons · Türkiye
870
+18
🇳🇱 Burgundians · Netherlands
925
-16
🇮🇱 Dravidians · Israel
911
-16
🇩🇪 Japanese · Germany
911
-16
PK_-_93
11:42 Feudal Age
12:54 Double-Bit Axe
13:09 Gold Mining
15:17 Fishing Lines
22:18 Castle Age
23:19 Medium Warships
22:59 Gillnets
23:10 Gillnets
24:27 Bow Saw
25:05 Wheelbarrow
25:20 Gold Shaft Mining
24:39 Stone Mining
32:33 Fletching
33:10 Ballistics
33:03 Clinker Construction
33:04 Careening
34:28 Hand Cart
37:04 Imperial Age
37:11 Bodkin Arrow
37:28 Forging
39:09 Town Watch
41:21 Iron Casting
40:47 Scale Mail Armor
40:48 Bracer
41:48 Heavy Warships
41:52 Elite Samurai
Athegamer
0:35 Loom
15:54 Feudal Age
17:00 Fishing Lines
17:16 Fletching
20:44 Castle Age
21:16 Demolition Ship
23:30 Heated Shot
24:39 Ballistics
26:17 Double-Bit Axe
28:39 Medium Warships
28:52 Bodkin Arrow
29:31 Gold Mining
29:53 Bow Saw
31:46 Horse Collar
32:16 Squires
32:20 Scale Mail Armor
34:50 Wheelbarrow
37:11 Imperial Age
36:22 Heavy Plow
36:59 Wheelbarrow
38:53 Chemistry
39:56 Conscription
39:41 Bracer
41:51 Shipwright
42:56 Chain Mail Armor
43:18 Heavy Warships
42:46 Stone Mining
42:23 Elite Cannon Galleon
44:15 Caravan
Jeurus2
3:22 Loom
8:26 Wheelbarrow
7:41 Double-Bit Axe
10:23 Feudal Age
8:44 Horse Collar
11:29 Bow Saw
14:43 Heavy Plow
17:17 Castle Age
17:24 Hand Cart
19:47 Hand Cart
21:50 Two-Man Saw
22:39 Medium Warships
26:40 Town Watch
26:54 Fletching
27:08 Padded Archer Armor
28:15 Gold Mining
28:16 Stone Mining
29:03 Crop Rotation
30:38 Husbandry
29:58 Cavalier
30:48 Scale Barding Armor
30:53 Forging
30:39 Bodkin Arrow
31:40 Gold Shaft Mining
31:40 Stone Shaft Mining
35:23 Imperial Age
34:01 Burgundian Vineyards
35:51 Town Patrol
37:06 Conscription
37:24 Hoardings
36:37 Paladin
42:51 Heavy Warships
yuziba
11:06 Feudal Age
11:35 Double-Bit Axe
11:31 Horse Collar
11:44 Gold Mining
12:21 Stone Mining
14:25 Wheelbarrow
18:17 Castle Age
20:59 Bow Saw
20:53 Heavy Plow
22:19 Hand Cart
25:45 Padded Archer Armor
25:36 Fletching
25:57 Forging
25:48 Scale Mail Armor
27:22 Gold Shaft Mining
28:59 Leather Archer Armor
28:39 Bodkin Arrow
29:21 Iron Casting
29:02 Chain Mail Armor
29:51 Yeomen
30:11 Ballistics
32:59 Imperial Age
30:58 Murder Holes
30:44 Treadmill Crane
31:15 Masonry
33:57 Bracer
36:40 Chemistry
36:11 Architecture
36:14 Elite Longbowman
37:30 Hoardings
38:31 Ring Archer Armor
39:02 Blast Furnace
38:32 Plate Mail Armor
41:28 Squires
41:14 Arson
41:15 Gambesons
40:51 Pikeman
42:25 Halberdier
42:26 Man-at-Arms
43:10 Long Swordsman
crazy hippo
10:02 Feudal Age
12:36 Gold Mining
14:19 Fishing Lines
14:30 Double-Bit Axe
16:21 Fletching
16:42 Forging
19:23 Castle Age
18:12 Stone Mining
20:24 Medium Warships
24:02 Gillnets
24:44 Treadmill Crane
31:12 Iron Casting
43:58 Imperial Age
43:51 Bodkin Arrow
44:25 Ballistics
44:11 Heated Shot
45:09 Heavy Warships
Gunna
0:38 Loom
8:21 Feudal Age
12:50 Double-Bit Axe
16:24 Castle Age
14:10 Horse Collar
16:14 Gold Mining
17:33 Medium Warships
20:46 Bow Saw
22:18 Heavy Plow
33:22 Imperial Age
31:44 Fletching
31:55 Padded Archer Armor
32:21 Bodkin Arrow
32:33 Stone Mining
35:05 Chemistry
34:10 Bracer
34:27 Leather Archer Armor
35:09 Elite Cannon Galleon
37:04 Two-Man Saw
37:11 Stone Shaft Mining
43:38 Wheelbarrow
42:50 Town Watch
43:29 Ballistics
43:42 Ring Archer Armor
43:49 Crop Rotation
44:13 Elite Genoese Crossbowman
Connection lost

Rejoining the realm…

Still unreachable

The connection could not be restored.

Session expired

The server has moved on; the page needs a fresh start.